 Dungeon Crawl Stone Soup version 0.28.0-43-g3370ac3207 (webtiles) character file.

Game seed: 10189747170275428552

733 combatraven the Cudgeller (level 7, 0/60 HPs)
             Began as a Gnoll Chaos Knight on Mar 10, 2022.
             Was a Plaything of Xom.
             Slain by a kobold
             ... wielding a +0 short sword
              (3 damage)
             ... on level 6 of the Dungeon on Mar 11, 2022.
             The game lasted 00:44:44 (1883 turns).

combatraven the Cudgeller (Gnoll Chaos Knight)      Turns: 1883, Time: 00:44:45

Health: 0/60       AC: 12    Str: 10 (11) XL:     7   Next: 74%
Magic:  10/11      EV:  5    Int: 11 (14) God:    Xom [.....*]
Gold:   87         SH:  0    Dex: 11      Spells: 11/11 levels left

rFire   . . .      SeeInvis .   x - +4 dagger (venom)
rCold   . . .      Faith    .   (no shield)
rNeg    . . .      Spirit   .   s - +0 chain mail
rPois   .          Reflect  .   (no helmet)
rElec   .          Harm     .   m - +1 cloak {Stlth+}
rCorr   .          Rampage  .   (no gloves)
Will    .....                   (no boots)
Stlth   ..........              (no amulet)
HPRegen 0.20/turn               (no ring)
MPRegen 0.12/turn               (no ring)

@: flying
A: fangs 1, strong nose, distributed training
a: Renounce Religion


You were on level 6 of the Dungeon.
You worshipped Xom.
You were Xom's teddy bear.
You visited 1 branch of the dungeon, and saw 6 of its levels.

You collected 117 gold pieces.
You spent 30 gold pieces at shops.

Inventory:

Hand Weapons
 a - a +0 mace of chaos
 c - a +0 dagger
 d - a +0 giant spiked club
 g - a +0 dagger
 h - a +0 dagger
 n - a +0 whip
 r - a +0 flail
 x - a +4 dagger of venom (weapon)
Missiles
 i - 35 arrows
 k - 84 stones (quivered)
Armour
 b - a +2 leather armour
 m - a +1 cloak of stealth (worn)
 q - a +0 robe
 s - a +0 chain mail (worn)
 u - a +0 ring mail
Wands
 e - a wand of acid (8)
Scrolls
 f - 2 scrolls of teleportation
 o - a scroll of amnesia {unknown}
 t - a scroll of enchant weapon {unknown}
Potions
 j - a potion of ambrosia {unknown}
 l - a potion of mutation {unknown}
 p - a potion of brilliance {unknown}
 v - a potion of resistance {unknown}
 w - a potion of berserk rage {unknown}


   Skills:
 + Level 7.1 Fighting
 + Level 2.6 Short Blades
 + Level 2.6 Long Blades
 + Level 2.6 Axes
 + Level 7.1 Maces & Flails
 + Level 2.6 Polearms
 + Level 2.6 Staves
 + Level 2.6 Slings
 + Level 2.6 Bows
 + Level 2.6 Crossbows
 + Level 2.6 Throwing
 + Level 5.3 Armour
 + Level 3.7 Dodging
 + Level 2.6 Stealth
 + Level 2.6 Shields
 + Level 2.6 Unarmed Combat
 + Level 2.6 Spellcasting
 + Level 2.1 Conjurations
 + Level 2.1 Hexes
 + Level 2.1 Summonings
 + Level 2.1 Necromancy
 + Level 2.1 Translocations
 + Level 2.1 Transmutations
 + Level 2.1 Fire Magic
 + Level 2.1 Ice Magic
 + Level 2.1 Air Magic
 + Level 2.1 Earth Magic
 + Level 2.1 Poison Magic
 + Level 3.0 Invocations
 + Level 2.6 Evocations


You had 11 spell levels left.
You didn't know any spells.
Your spell library contained the following spells:

 Spells                   Type           Power      Damage    Failure   Level
 Animate Skeleton         Necr           12%        N/A       99%         1
 Apportation              Tloc           12%        N/A       99%         1
 Pain                     Necr           24%        1d5       99%         1
 Blink                    Tloc           12%        N/A       100%        2
 Lesser Beckoning         Tloc           6%         N/A       100%        3
 Vampiric Draining        Necr           6%         2d6       100%        3
 Alistair's Intoxication  Tmut/Pois      4%         N/A       100%        5
 Blade Hands              Tmut           3%         N/A       100%        5
 Irradiate                Conj/Tmut      3%         3d15      100%        5
 Manifold Assault         Tloc           6%         N/A       100%        5
 Dragon Form              Tmut           3%         N/A       100%        7


Dungeon Overview and Level Annotations

Branches:
Dungeon (6/15)             Temple (0/1) D:5

Altars:

Shops:
D:3 !


Innate Abilities, Weirdness & Mutations

You have very sharp teeth.
Your uncanny sense of smell can sniff out nearby items.
Your experience applies equally to all skills.


Message History

You hit the kobold.
You kill the kobold!
The orc hits you but does no damage.
The kobold hits you with a +0 short sword.
* * * LOW HITPOINT WARNING * * *
Unknown command.
You barely miss the adder. The adder bites you but does no damage.
The orc hits you with a +0 dagger.
* * * LOW HITPOINT WARNING * * *
The kobold hits you but does no damage. The adder barely misses you.
You hit the adder.
The adder is poisoned.
Your bite misses the adder.
The adder is lightly wounded.
The orc hits you but does no damage. The adder bites you but does no damage.
The kobold hits you but does no damage.
You miss the adder.
The adder is moderately wounded.
The adder bites you.
* * * LOW HITPOINT WARNING * * *
The orc hits you but does no damage.
The kobold hits you with a +0 short sword.
* * * LOW HITPOINT WARNING * * *
You completely miss the adder. You bite the adder, but do no damage.
The adder is heavily wounded.
The adder barely misses you. The orc hits you but does no damage.
The kobold barely misses you.
You hit the adder but do no damage.
The adder is moderately wounded.
The adder bites you but does no damage.
You puncture the adder!
You kill the adder!
The orc hits you with a +0 dagger.
* * * LOW HITPOINT WARNING * * *
The kobold hits you with a +0 short sword.
* * * LOW HITPOINT WARNING * * *
You hit the kobold.
You kill the kobold!
The orc hits you but does no damage.
The kobold hits you with a +0 short sword.
You die... "This toy is broken."

################+######
#.......#..#...........
#..........#...........
#.....#....#..K........
#.....#'##.#.K)o.......
...##'#....#.###@###....#
.. #..#....#...'...# ..+
. #..#....#...#...# #
#..#....#...#...#
#..#....#..##+###
#..#....#..# #..#....#..#
#..'....#..#
####....####...


You could see an orc and 2 kobolds.

Vanquished Creatures
  An ogre (D:4)
  A kobold brigand (D:6)
  A scorpion (D:4)
  A water moccasin zombie (D:5)
  A centaur skeleton (D:6)
  2 orc wizards
  A hound skeleton (D:4)
  5 adders
  3 gnolls (D:4)
  An adder skeleton (D:5)
  A worm (D:2)
  3 dart slugs
  5 orcs
  2 ball pythons
  2 endoplasms (D:1)
  3 giant cockroaches
  6 goblins
  5 hobgoblins
  2 jackals (D:1)
  7 kobolds
  2 quokkas
  5 bats
  5 frilled lizards
  3 rats (D:1)
68 creatures vanquished.

Vanquished Creatures (collateral kills)
  An ogre (D:5)
  A necrophage (D:5)
  A scorpion zombie (D:5)
  Ijyb (D:5)
  5 orcs (D:5)
  A ball python (D:4)
  A quokka (D:5)
11 creatures vanquished.

Vanquished Creatures (others)
  A fungus (D:1)
  A plant (D:1)
2 creatures vanquished.

Grand Total: 81 creatures vanquished

Notes
Turn   | Place    | Note
-------+----------+-------------------------------------------
     0 | D:1      | combatraven the Gnoll Chaos Knight began the quest for the
                  | Orb.
     0 | D:1      | Reached XP level 1. HP: 23/23 MP: 1/1
    32 | D:1      | XOM: divination: detect items
    71 | D:1      | XOM: cast spell 'Summon Small Mammal'
   115 | D:1      | Reached XP level 2. HP: 25/29 MP: 2/2
   491 | D:1      | XOM: divination: magic mapping
   601 | D:2      | Reached XP level 3. HP: 35/35 MP: 3/3
   796 | D:2      | XOM: divination: magic mapping
   879 | D:3      | XOM: divination: detect creatures
   896 | D:3      | XOM: divination: magic mapping
   909 | D:3      | XOM: potion effect (berserk rage)
   911 | D:3      | Reached skill level 1 in Invocations
   916 | D:3      | Reached skill level 1 in Short Blades
   916 | D:3      | Reached skill level 1 in Long Blades
   916 | D:3      | Reached skill level 1 in Axes
   916 | D:3      | Reached skill level 1 in Polearms
   916 | D:3      | Reached skill level 1 in Staves
   916 | D:3      | Reached skill level 1 in Slings
   916 | D:3      | Reached skill level 1 in Bows
   916 | D:3      | Reached skill level 1 in Crossbows
   916 | D:3      | Reached skill level 1 in Throwing
   916 | D:3      | Reached skill level 1 in Stealth
   916 | D:3      | Reached skill level 1 in Shields
   916 | D:3      | Reached skill level 1 in Unarmed Combat
   916 | D:3      | Reached skill level 1 in Spellcasting
   916 | D:3      | Reached skill level 1 in Evocations
   916 | D:3      | Reached XP level 4. HP: 41/41 MP: 5/5
   945 | D:3      | You fall into a shaft and drop 1 floor!
  1067 | D:3      | Found Owkostruck's Distillery.
  1070 | D:3      | Bought a potion of curing for 30 gold pieces
  1075 | D:3      | Reached skill level 1 in Conjurations
  1075 | D:3      | Reached skill level 1 in Hexes
  1075 | D:3      | Reached skill level 1 in Summonings
  1075 | D:3      | Reached skill level 1 in Necromancy
  1075 | D:3      | Reached skill level 1 in Translocations
  1075 | D:3      | Reached skill level 1 in Transmutations
  1075 | D:3      | Reached skill level 1 in Fire Magic
  1075 | D:3      | Reached skill level 1 in Ice Magic
  1075 | D:3      | Reached skill level 1 in Air Magic
  1075 | D:3      | Reached skill level 1 in Earth Magic
  1075 | D:3      | Reached skill level 1 in Poison Magic
  1270 | D:4      | Noticed an ogre
  1271 | D:4      | XOM: divination: detect creatures
  1275 | D:4      | XOM: confuse monster(s)
  1276 | D:4      | Killed an ogre
  1277 | D:4      | Reached XP level 5. HP: 47/47 MP: 5/7
  1315 | D:4      | Reached XP level 6. HP: 42/53 MP: 8/8
  1335 | D:4      | Reached skill level 5 in Armour
  1441 | D:4      | XOM: scenery: summon butterflies
  1493 | D:5      | Entered Level 5 of the Dungeon
  1503 | D:5      | Noticed Ijyb
  1539 | D:5      | Killed Ijyb
  1717 | D:5      | Found a staircase to the Ecumenical Temple.
  1761 | D:5      | Noticed a necrophage
  1766 | D:5      | Reached XP level 7. HP: 51/59 MP: 10/10
  1857 | D:6      | XOM: god gift: sedimented orange potion {god gift}
  1882 | D:6      | HP: 3/60 [kobold/+0 short sword (4)]
  1883 | D:6      | Slain by a kobold

Illustrated notes

Levels and vault maps discovered:
D:1:      wander_arrival_fairy_ring, layout_rooms
D:2:      layout_basic, hellmonk_ecumenical_altar_prayer_group, uniq_jessica,
          uniq_robin
D:3:      layout_basic, amcnicky_altar_gilded, gup_sewer_entry_spiral,
          serial_shops, nicolae_shop_behind_doors
D:4:      layout_basic, kennysheep_generic_room_9
D:5:      layout_loops_ring, minmay_temple_entry_drinking_statues, uniq_ijyb
D:6:      layout_gridville, uniq_duvessa

Skill      XL: |  1  2  3  4  5  6  7 |
---------------+----------------------+-----
Invocations    | 1 2 3 |  3.0
Short Blades   | 1 2 |  2.6
Long Blades    | 1 2 |  2.6
Axes           | 1 2 |  2.6
Polearms       | 1 2 |  2.6
Staves         | 1 2 |  2.6
Slings         | 1 2 |  2.6
Bows           | 1 2 |  2.6
Crossbows      | 1 2 |  2.6
Throwing       | 1 2 |  2.6
Stealth        | 1 2 |  2.6
Shields        | 1 2 |  2.6
Unarmed Combat | 1 2 |  2.6
Spellcasting   | 1 2 |  2.6
Evocations     | 1 2 |  2.6
Conjurations   | 1 2 |  2.1
Hexes          | 1 2 |  2.1
Summonings     | 1 2 |  2.1
Necromancy     | 1 2 |  2.1
Translocations | 1 2 |  2.1
Transmutations | 1 2 |  2.1
Fire Magic     | 1 2 |  2.1
Ice Magic      | 1 2 |  2.1
Air Magic      | 1 2 |  2.1
Earth Magic    | 1 2 |  2.1
Poison Magic   | 1 2 |  2.1
Dodging        | 3 |  3.7
Armour         | 5 |  5.3
Fighting       | 7 |  7.1
Maces & Flails | 7 |  7.1

Action                   |  1- 3 |  4- 6 |  7- 9 || total
-------------------------+-------+-------+-------++-------
Melee: Mace              |    83 |    97 |       ||   180
       Bite              |     7 |     5 |     5 ||    17
       Punch             |     1 |     3 |       ||     4
       Dagger            |       |       |    37 ||    37
  Use: Potion            |     1 |     5 |     1 ||     7
       Scroll            |       |     2 |       ||     2
 Stab: Sleeping          |     2 |     3 |       ||     5
Armor: Leather armour    |    46 |    14 |       ||    60
       Skin              |    37 |       |       ||    37
       Chain mail        |       |     7 |    46 ||    53
Dodge: Dodged            |    71 |    59 |    13 ||   143
